 Dungeon Crawl Stone Soup version 0.19.5 (webtiles) character file.

128 galech the Shield-Bearer (level 4, -10/40 HPs)
             Began as a Minotaur Fighter on Mar 22, 2017.
             Killed by divine providence
             ... invoked by an orc priest
              (15 damage)
             ... on level 3 of the Dungeon.
             The game lasted 00:03:10 (1984 turns).

galech the Shield-Bearer (Minotaur Fighter)         Turns: 1984, Time: 00:03:11

Health: -10/40     AC:  7    Str: 21    XL:     4   Next: 86%
Magic:  3/3        EV:  7    Int:  5    God:
Gold:   61         SH:  9    Dex: 10    Spells: 0 memorised, 3 levels left

rFire  . . .     SeeInvis .     a - +0 war axe
rCold  . . .     Gourm    .     b - +0 scale mail
rNeg   . . .     Faith    .     c - +0 shield
rPois  .         Spirit   .     (helmet restricted)
rElec  .         Reflect  .     (no cloak)
rCorr  .         Harm     .     (no gloves)
MR     .....                    (no boots)
Stlth  ..........               (no amulet)
                                (no ring)
                                (no ring)

@: no status effects
A: retaliatory headbutt, horns 2
a: no special abilities


You were on level 3 of the Dungeon.
You were hungry.

You visited 1 branch of the dungeon, and saw 3 of its levels.

You collected 61 gold pieces.

Inventory:

Hand Weapons
 a - a +0 war axe (weapon)
Armour
 b - a +0 scale mail (worn)
 c - a +0 shield (worn)
Scrolls
 e - a scroll of teleportation {unknown}
 h - a scroll of fog {unknown}
 i - a scroll of identify {unknown}
 k - a scroll of fear {unknown}
 l - 2 scrolls of remove curse {unknown}
 m - 2 scrolls of blinking {unknown}
Potions
 d - a potion of might
 g - a potion of degeneration {unknown}
Comestibles
 f - 2 bread rations
 j - 2 chunks of flesh
 n - a royal jelly


   Skills:
 + Level 4.3 Fighting
 + Level 4.2 Axes
 + Level 4.2 Armour
 + Level 0.4 Dodging
 + Level 4.6 Shields


You had 3 spell levels left.
You didn't know any spells.

Dungeon Overview and Level Annotations

Branches:
Dungeon (3/15)

Altars:
Ashenzari
Gozag


Innate Abilities, Weirdness & Mutations

You reflexively headbutt those who attack you in melee.
You have a pair of horns on your head.


Message History

You hit the adder.
The adder is lightly wounded.
The adder bites you.
* * * LOW HITPOINT WARNING * * *
You block the orc's attack.
You completely miss the adder.
The adder is lightly wounded.
You hit the orc.
You kill the orc!
You block the adder's attack. The adder barely misses you.
The orc priest looks satisfied for a moment.
You slash the adder!
You kill the adder!
Some of the chunks of flesh in your inventory have rotted away.
You see here a dagger.
The orc priest mumbles some strange prayers to Beogh against you.
You barely resist.
The orc priest calls down the wrath of Beogh upon you.
Beogh smites you!
You die...

#.#######....#...#### #.#
#....##.##..# #.#
#....#...#..## #.#
#............# # #.#
######......#.#### #.#
#......##.##. #(#
#####............ #.#
###...#..........(. #.##
#.@.#........###### #..#
#.#...#...#..####.( ##.#
#.##.###.##.......# #.#
#.##.# #.oo..###### #.#
#.##.# ####........ #.#
#o##)### #.#######
#.#####o##.#.####o##### #
###.....................#
#...................###.#


You could see an orc priest and an orc.

Vanquished Creatures
  5 adders
  An ooze (D:2)
  A worm (D:2)
  3 dart slugs
  A leopard gecko (D:3)
  3 orcs (D:3)
  6 giant cockroaches
  6 goblins
  6 hobgoblins
  6 jackals (D:2)
  9 kobolds
  4 bats
  5 frilled lizards
  8 rats
64 creatures vanquished.

Notes
Turn   | Place    | Note
-------+----------+-------------------------------------------
     0 | D:1      | galech the Minotaur Fighter began the quest for the Orb.
     0 | D:1      | Reached XP level 1. HP: 19/19 MP: 0/0
   261 | D:1      | Reached XP level 2. HP: 25/27 MP: 1/1
   873 | D:2      | Reached XP level 3. HP: 33/33 MP: 2/2
  1204 | D:2      | You fall through a shaft!
  1233 | D:3      | Reached XP level 4. HP: 36/40 MP: 3/3
  1276 | D:2      | Found a shattered altar of Ashenzari.
  1786 | D:3      | Found an opulent altar of Gozag.
  1950 | D:3      | HP: 1/40 [adder (3)]
  1984 | D:3      | Killed from afar by an orc priest

Skill      XL: |  1  2  3  4 |
---------------+-------------+-----
Armour         | 4 |  4.2
Shields        | 4 |  4.6
Fighting       | 4 |  4.3
Axes           | 3 4 |  4.2
Dodging        | |  0.4

Action                   |  1- 3 |  4- 6 || total
-------------------------+-------+-------++-------
Melee: War axe           |    96 |    53 ||   149
       Headbutt          |     9 |     6 ||    15
  Eat: Chunk             |     1 |     2 ||     3
Armor: Scale mail        |    51 |    25 ||    76
Dodge: Dodged            |    26 |    19 ||    45
Block: Shield            |    44 |    34 ||    78
